 Dungeon Crawl Stone Soup version 0.27-a0-1579-g97d2440184 (webtiles) character file.

Game seed: 11263267352080863698

111569 fiver49 the Severer (level 16, -7/133 HPs)
             Began as a Naga Wanderer on July 16, 2021.
             Was a High Priest of Hepliaklqana.
             Mangled by Agnes (27 damage)
             ... on level 2 of the Spider Nest on July 17, 2021.
             The game lasted 01:49:34 (29608 turns).

fiver49 the Severer (Naga Wanderer)                Turns: 29608, Time: 01:49:34

Health: -7/133     AC: 20    Str: 15    XL:     16   Next: 58%
Magic:  10/20      EV: 14    Int: 12    God:    Hepliaklqana [*****.]
Gold:   1549       SH:  5    Dex: 20    Spells: 17/21 levels left

rFire    . . .     SeeInvis +   q - +4 executioner's axe (drain)
rCold    . . .     Faith    .   (shield currently unavailable)
rNeg     + + +     Spirit   .   m - +2 robe "Nogesa" {Regen+}
rPois    +         Reflect  +   c - +0 hat of Xonuoq {rElec Dex+7}
rElec    +         Harm     .   (no cloak)
rCorr    +         Rampage  .   (no gloves)
Will     +++..                  h - +2 barding {Stlth+}
Stlth    +++++++...             g - amulet "Xuzxic" {Reflect rElec rN+++ Will+ Str-5 SH+5}
HPRegen  1.32/turn              y - ring of resist corrosion
MPRegen  0.17/turn              x - +4 ring of protection

@: studying 2 skills, very slow
A: reduced essence, AC +5, large, see invisible, deformed body, poison
resistance, slowness 2, spit poison 1, naga tail 2
a: Spit Poison, Renounce Religion, Recall Ancestor, Ancestor Identity,
Transference, Idealise


You were on level 2 of the Spider Nest.
You worshipped Hepliaklqana.
Hepliaklqana was extremely pleased with you.
You visited 4 branches of the dungeon, and saw 24 of its levels.
You also visited: Gauntlet.

You collected 2659 gold pieces.
You spent 1110 gold pieces at shops.

Inventory:

Hand Weapons
 b - a +0 hand axe of flaming
 q - a +4 executioner's axe of draining (weapon)
Missiles
 j - 7 silver javelins
 k - 2 boomerangs of dispersal
 n - 8 atropa-tipped darts
 t - 20 boomerangs (quivered)
 H - 37 poisoned darts
 I - 6 silver boomerangs
 Y - a throwing net
Armour
 c - the +0 hat of Xonuoq (worn) {rElec Dex+7}
   (You found it in a Gauntlet)

   Dex:       It affects your dexterity (+7).
   rElec:     It insulates you from electricity.
 h - a +2 barding of stealth (worn)
 m - the +2 robe "Nogesa" (worn) {Regen+}
   (You found it on level 6 of the Lair of Beasts)

   Regen:     It increases your rate of health regeneration.
 M - a +2 robe of cold resistance
Jewellery
 g - the amulet "Xuzxic" (around neck) {Reflect rElec rN+++ Will+ Str-5 SH+5}
   (You bought it in a shop on level 7 of the Dungeon)

   [amulet of reflection]

   It reflects blocked missile attacks.
   Str:       It affects your strength (-5).
   rElec:     It insulates you from electricity.
   rN:        It renders you almost immune to negative energy.
   SH:        It affects your SH (+5).
   Will:      It increases your willpower.
 i - a ring of willpower
 r - a ring of protection from fire
 x - a +4 ring of protection (right hand)
 y - a ring of resist corrosion (left hand)
 J - a ring of protection from cold
Wands
 p - a wand of charming (24)
 z - a wand of acid (18)
 D - a wand of iceblast (3)
 K - a wand of paralysis (33)
 L - a wand of flame (54)
 T - a wand of polymorph (14)
 Z - a wand of digging (4)
Scrolls
 a - a scroll of enchant weapon
 e - 4 scrolls of torment
 l - 3 scrolls of immolation
 w - 3 scrolls of brand weapon
 B - a scroll of teleportation
 C - 2 scrolls of enchant armour
 E - 10 scrolls of identify
 N - a scroll of fog
 O - 2 scrolls of holy word
 P - 2 scrolls of silence
 Q - 7 scrolls of vulnerability
 S - 5 scrolls of amnesia
 U - a scroll of magic mapping
Potions
 o - 7 potions of curing
 s - a potion of cancellation
 u - a potion of might
 v - a potion of magic
 F - 5 potions of mutation
 G - a potion of flight
 R - 3 potions of brilliance
 V - 6 potions of ambrosia
 X - 3 potions of attraction
Miscellaneous
 d - a condenser vane (inert)
 f - a box of beasts
 W - a lightning rod (4/4)


   Skills:
 * Level 10.6 Fighting
 * Level 18.3 Axes
 - Level 9.0 Armour
 + Level 9.8 Dodging
 + Level 13.6 Stealth
 - Level 3.9 Shields
 - Level 3.0 Spellcasting
 - Level 10.0 Poison Magic
 - Level 3.0 Invocations
 - Level 3.0 Evocations


You had 17 spell levels left.
You knew the following spells:

 Your Spells              Type           Power      Damage    Failure   Level
a - Olgreb's Toxic Radia  Pois           25%        N/A       4%          4

Your spell library contained the following spells:

 Spells                   Type           Power      Damage    Failure   Level
 Sting                    Tmut/Pois      52%        1d5       3%          1
 Poisonous Vapours        Pois/Air       26%        N/A       4%          2
 Animate Skeleton         Necr           2%         N/A       24%         1
 Apportation              Tloc           2%         N/A       24%         1
 Corona                   Hex            1%         N/A       24%         1
 Freeze                   Ice            4%         1d3       24%         1
 Magic Dart               Conj           4%         1d3       24%         1
 Pain                     Necr           4%         1d4       24%         1
 Summon Small Mammal      Summ           4%         N/A       24%         1
 Searing Ray              Conj           2%         3d3       36%         2
 Slow                     Hex            1%         N/A       36%         2
 Static Discharge         Conj/Air       1%         N/A       36%         2
 Sublimation of Blood     Necr           0%         N/A       36%         2
 Confusing Touch          Hex            1%         N/A       58%         3
 Conjure Flame            Conj/Fire      1%         6-21      58%         3
 Frozen Ramparts          Ice            2%         1d2       58%         3
 Portal Projectile        Hex/Tloc       2%         N/A       58%         3
 Stone Arrow              Conj/Erth      2%         3d7       58%         3
 Tukima's Dance           Hex            1%         N/A       58%         3
 Vampiric Draining        Necr           0%         2d6       58%         3
 Animate Dead             Necr           0%         N/A       94%         4
 Fulminant Prism          Conj/Hex       0%         3d6       94%         4
 Hailstorm                Conj/Ice       1%         3d3       94%         4
 Petrify                  Tmut/Erth      1%         N/A       94%         4
 Agony                    Necr           1%         N/A       100%        5
 Blade Hands              Tmut           0%         N/A       100%        5
 Bolt of Magma            Conj/Fire/Erth 0%         4d4       100%        5
 Excruciating Wounds      Necr           0%         N/A       100%        5
 Irradiate                Conj/Tmut      0%         3d13      100%        5
 Lightning Bolt           Conj/Air       0%         1d11      100%        5
 Metabolic Englaciation   Hex/Ice        0%         N/A       100%        5
 Statue Form              Tmut/Erth      0%         N/A       100%        6
 Disjunction              Tloc           0%         N/A       100%        8
 Infestation              Necr           0%         N/A       100%        8
 Maxwell's Capacitive Co  Air            0%         ∞         100%        8
 Shatter                  Erth           0%         3d5*      100%        9


Dungeon Overview and Level Annotations

Branches:
Dungeon (15/15)            Temple (1/1) D:5            Lair (6/6) D:10
  Swamp (0/4) Lair:4       Spider (2/4) Lair:2        Slime (0/5) Lair:6
    Orc (0/2) D:11         Vaults (0/5) D:13         Depths (0/5) D:15
Gauntlet (visited)

Altars:
Ashenzari
Cheibriados
Dithmenos
Elyvilon
Fedhas
Gozag
Hepliaklqana
Kikubaaqudgha
Makhleb
Nemelex Xobeh
Okawaru
Qazlal
Ru
Sif Muna
Trog
Uskayaw
Vehumet
Wu Jian
Xom
Yredelemnul
Zin
The Shining One

Shops:
D:6 (*   D:7 ==   D:12 *

Annotations:
D:14 exclusion: 3 doors
Lair:1 exclusion: 2 oklob plants
Lair:2 Sonja
Spider:2 Agnes


Innate Abilities, Weirdness & Mutations

Your life essence is reduced to manifest your ancestor. (-10% HP)
Your serpentine skin is tough. (AC +5)
You have supernaturally acute eyesight. (SInv)
Armour fits poorly on your strangely shaped body.
Your system is resistant to poisons. (rPois)
You cover ground very slowly.
You can spit poison.
You can use your snake-like lower body to constrict enemies.


Message History

Agnes is engulfed in poison gas.
Agnes looks as sick as possible!
Agnes hits you with a +4 lajatang of electrocution.
* * * LOW HITPOINT WARNING * * *
The wolf spider is engulfed in poison gas.
The wolf spider looks as sick as possible!
Agnes looks as sick as possible!
Agnes hits you with a +4 lajatang of electrocution!
* * * LOW HITPOINT WARNING * * *
You feel much better.
You constrict Agnes.
You kill the wolf spider!
Agnes is engulfed in poison gas.
Agnes looks as sick as possible!
Agnes hits you with a +4 lajatang of electrocution!
* * * LOW HITPOINT WARNING * * *
Agnes looks as sick as possible!
Agnes closely misses you.
You feel much better.
You constrict Agnes.
Agnes looks as sick as possible!
You block Agnes's attack.
Agnes is engulfed in poison gas.
Agnes looks as sick as possible!
Agnes hits you with a +4 lajatang of electrocution!
Agnes is engulfed in poison gas.
Agnes looks as sick as possible!
Agnes closely misses you.
You barely miss Agnes.
Agnes is heavily wounded.
You constrict Agnes!
Agnes is engulfed in poison gas.
Agnes looks as sick as possible!
Agnes hits you with a +4 lajatang of electrocution!!
* * * LOW HITPOINT WARNING * * *
Agnes is engulfed in poison gas.
Agnes looks as sick as possible!
Agnes hits you with a +4 lajatang of electrocution!
* * * LOW HITPOINT WARNING * * *
Agnes is engulfed in poison gas.
Agnes looks as sick as possible!
Agnes closely misses you.
Press: ? - help, Shift-Dir - straight line, f - Agnes
Aim: Agnes, wielding a +4 lajatang of electrocution and wearing a +0 robe (poison gas, heavily wounded, constricted by you, fast, extremely poisoned)
Okay, then.
Unknown command.
You feel better.
You constrict Agnes.
Agnes is engulfed in poison gas.
Agnes looks as sick as possible!
Agnes hits you but does no damage.
Agnes is engulfed in poison gas.
Agnes looks as sick as possible!
Agnes hits you with a +4 lajatang of electrocution!!
You die...

#...# #.....## ###..##
#..[.^#. #< .. ##...##
#..##### ##.. #.
#....#####.##..#. #...##.
#.......##...###.
......####..../###...###
.....#.....^#.##....#..
#§§#.....#####....#..
#§§§@##### #.^#.###( #§#i##^##
####..... #.§###..# #.####...
..... #R.## ##.>.#.#.
###########..## ###.^.#.
###..## #.#...#.# ##....###
#.#...# #.....#.###.##..###
#####...#######..##.####...#.#
#...#.(..##..#...########...#R


You could see Agnes (fast, extremely poisoned).

Vanquished Creatures
  Gastronok (D:10)
  A ghost moth (Spider:1)
  Azrael (Lair:2)
  An entropy weaver (Spider:2)
  A minotaur (Gauntlet)
  5 hydras
  An ogre mage (D:15)
  4 boulder beetles
  2 catoblepae
  2 centaur warriors
  7 two-headed ogres
  5 tengu warriors
  8 death yaks
  A deep troll shaman (Lair:6)
  5 skeletal warriors
  A death drake (Gauntlet)
  A lindwurm (Lair:6)
  A lindwurm (shapeshifter) (D:13)
  3 deep elf pyromancers
  A spectral wolf spider (Gauntlet)
  13 wolf spiders
  7 orb spiders
  3 cyclopes
  7 ugly things
  2 manticores
  16 elephants
  A guardian serpent (shapeshifter) (D:14)
  A torpor snail (Spider:1)
  A cane toad (shapeshifter) (D:13)
  Psyche (D:10)
  7 black mambas
  2 minotaur zombies (Gauntlet)
  15 cane toads
  A rime drake (Lair:6)
  Maggie (D:8)
  A rime drake (shapeshifter) (D:13)
  3 komodo dragons
  3 demonic crawlers (Spider:1)
  A kobold demonologist (D:13)
  2 tengu conjurers (D:15)
  4 polar bears
  A tyrant leech (Lair:4)
  3 meliai (D:15)
  11 jumping spiders
  9 blink frogs
  3 trolls
  A troll (shapeshifter) (D:14)
  9 slime creatures
  27 redbacks
  4 wyverns
  A hog (shapeshifter) (D:15)
  2 shadows
  14 tarantellas
  3 wraiths
  25 yaks
  3 fire elementals
  3 steam dragons
  4 basilisks
  A basilisk (shapeshifter) (Gauntlet)
  7 vampire mosquitoes
  A warg (D:10)
  A swamp worm (Lair:4)
  An acid dragon (D:12)
  11 water moccasins
  5 hell hounds
  3 orc warriors
  An ice beast (D:7)
  5 black bears
  4 ogres
  4 centaurs
  18 wolves
  11 bullfrogs
  2 phantoms
  A wyvern zombie (D:8)
  A kobold brigand (D:4)
  A scorpion (D:7)
  29 killer bees
  9 wights
  4 howler monkeys
  An electric eel (Spider:1)
  2 centaur zombies
  2 gnoll shamans
  3 jellies
  7 orc priests
  A hound (D:7)
  A scorpion zombie (D:5)
  2 iguanas
  6 orc wizards
  A killer bee zombie (D:8)
  A hound zombie (D:5)
  A howler monkey zombie (D:10)
  7 gnolls
  2 adders
  4 howler monkey skeletons
  An ufetubus (D:4)
  An adder skeleton (D:4)
  2 worms
  3 dart slugs
  44 orcs
  9 ball pythons
  A bat (D:1)
  7 endoplasms
  2 giant cockroaches
  6 goblins
  4 hobgoblins
  3 jackals (D:2)
  5 quokkas
  6 frilled lizards
  12 kobolds
  A quokka skeleton (D:4)
  6 rats
  A butterfly (Lair:2)
542 creatures vanquished.

Vanquished Creatures (collateral kills)
  Rupert (Lair:5)
  Frances (Spider:1)
  A frost giant (D:15)
  3 death yaks
  2 two-headed ogres
  Erica (D:8)
  A skeletal warrior (D:15)
  3 ugly things (D:15)
  A wolf spider (Spider:1)
  An orb spider (Spider:1)
  2 elephants
  2 black mambas
  A cane toad (Lair:2)
  A torpor snail (Spider:2)
  3 demonic crawlers (Spider:2)
  A komodo dragon (Lair:4)
  A queen bee (D:10)
  A jumping spider (Spider:1)
  2 slime creatures (D:14)
  A troll (D:13)
  4 blink frogs
  3 redbacks
  A shadow (D:10)
  A wyvern (D:9)
  3 basilisks
  4 yaks
  A swamp worm (Lair:4)
  A warg (D:10)
  An acid dragon (D:12)
  2 water moccasins
  3 orc warriors
  A black bear (Lair:6)
  4 wolves
  6 killer bees
  2 orc priests
  A hound (D:5)
  5 jellies
  2 orc wizards (D:10)
  A gnoll (D:8)
  An adder (D:5)
  8 orcs
85 creatures vanquished.

Vanquished Creatures (others)
  A wyvern (Lair:6)
  2 ancestors
  20 hexers
  A bush (Lair:6)
  2 butterflies (Lair:6)
  24 fungi
  53 plants
103 creatures vanquished.

Grand Total: 730 creatures vanquished

Notes
Turn   | Place    | Note
-------+----------+-------------------------------------------
     0 | D:1      | fiver49 the Naga Wanderer began the quest for the Orb.
     0 | D:1      | fiver49 set off with the following items: a +2 hand axe, a
                  | +0 robe, a +0 dagger; and the following spells available to
                  | memorise: Corona, Magic Dart, Conjure Flame, Tukima's Dance
     0 | D:1      | Reached XP level 1. HP: 18/18 MP: 1/1
   567 | D:1      | Reached XP level 2. HP: 25/25 MP: 2/2
  1318 | D:1      | Reached skill level 4 in Axes
  1375 | D:1      | Reached XP level 3. HP: 26/31 MP: 3/3
  1486 | D:1      | Found a faded altar of an unknown god.
  2656 | D:3      | Reached XP level 4. HP: 31/38 MP: 4/4
  3069 | D:3      | Found a broken altar of Ashenzari.
  3335 | D:4      | Reached skill level 5 in Axes
  3336 | D:4      | Found a burning altar of Makhleb.
  3372 | D:4      | You fall into a shaft and drop 3 floors!
  3373 | D:7      | Noticed a black bear
  3384 | D:7      | Noticed a black bear
  3392 | D:7      | Killed a black bear
  3393 | D:7      | Reached skill level 6 in Axes
  3393 | D:7      | Reached XP level 5. HP: 35/44 MP: 5/5
  3440 | D:7      | Killed a black bear
  3441 | D:7      | Reached XP level 6. HP: 9/51 MP: 6/6
  3721 | D:7      | Reached skill level 7 in Axes
  3954 | D:7      | Noticed an orc warrior
  3956 | D:7      | Reached XP level 7. HP: 25/57 MP: 7/7
  3969 | D:7      | Reached skill level 8 in Axes
  4341 | D:7      | Identified a scroll of acquirement
  4341 | D:7      | Acquired a ring of protection from cold
  4378 | D:6      | Found Qaoskosh's Weapon Shop.
  5059 | D:7      | Found Ehapleuv's Jewellery Shoppe.
  5070 | D:6      | Found Xiteu's Assorted Antiques.
  5236 | D:7      | Reached skill level 9 in Axes
  5517 | D:5      | Entered Level 5 of the Dungeon
  5524 | D:5      | Found a staircase to the Ecumenical Temple.
  5562 | Temple   | Entered the Ecumenical Temple
  5762 | Temple   | Became a worshipper of Hepliaklqana the Forgotten
  5930 | D:5      | Reached XP level 8. HP: 60/64 MP: 8/8
  6523 | D:4      | Reached * piety under Hepliaklqana
  6651 | D:4      | Reached skill level 10 in Axes
  7139 | D:4      | Found a glowing silver altar of Zin.
  7289 | D:6      | Bought a +1 hand axe of electrocution for 159 gold pieces
  7777 | D:6      | Found a stormy altar of Qazlal.
  8282 | D:7      | Found Idghuatt's Jewellery Emporium.
  8511 | D:7      | Found a sparkling altar of Nemelex Xobeh.
  8512 | D:7      | Found a shimmering altar of Xom.
  8513 | D:7      | Found a radiant altar of Vehumet.
  8513 | D:7      | Found an ancient bone altar of Kikubaaqudgha.
  8573 | D:7      | Reached skill level 11 in Axes
  8815 | D:8      | Reached ** piety under Hepliaklqana
  8816 | D:8      | Remembered your ancestor Numeria as a hexer
  8939 | D:8      | Noticed Maggie
  9150 | D:8      | Reached XP level 9. HP: 59/63 MP: 9/9
  9173 | D:8      | Noticed Erica
  9183 | D:8      | Killed Erica
  9184 | D:8      | Reached skill level 12 in Axes
  9224 | D:8      | Reached skill level 13 in Axes
  9240 | D:8      | Killed Maggie
  9869 | D:9      | Reached XP level 10. HP: 66/70 MP: 10/10
 10091 | D:9      | Noticed a two-headed ogre
 10207 | D:9      | Reached skill level 14 in Axes
 10993 | D:9      | Killed a two-headed ogre
 10994 | D:9      | Reached skill level 1 in Armour
 11044 | D:10     | Entered Level 10 of the Dungeon
 11077 | D:10     | Noticed Gastronok
 11089 | D:10     | Noticed a two-headed ogre
 11098 | D:10     | Killed Gastronok
 11099 | D:10     | Reached skill level 5 in Fighting
 11099 | D:10     | Reached XP level 11. HP: 54/86 MP: 11/11
 11108 | D:10     | Killed a two-headed ogre
 11546 | D:10     | Reached *** piety under Hepliaklqana
 12068 | D:10     | Found a staircase to the Lair.
 12138 | D:10     | Noticed Psyche
 12343 | D:10     | Found a bloodstained altar of Trog.
 12818 | Lair:1   | Entered Level 1 of the Lair of Beasts
 12841 | Lair:1   | Identified the +4 hand axe "Uvvuuton" {vorpal, rC+ rCorr}
 12862 | Lair:1   | Reached skill level 1 in Poison Magic
 12925 | Lair:1   | Reached skill level 1 in Spellcasting
 12935 | Lair:1   | Reached skill level 5 in Dodging
 13785 | Lair:1   | Noticed an oklob plant
 13785 | Lair:1   | Noticed an oklob plant
 13997 | Lair:1   | Reached XP level 12. HP: 79/98 MP: 14/14
 14238 | Lair:2   | Reached skill level 5 in Armour
 14254 | Lair:2   | Found a hole to the Spider Nest.
 14764 | Lair:2   | Noticed a death yak
 14764 | Lair:2   | Noticed a death yak
 14810 | Lair:2   | Identified the +0 pair of boots of the Past {*Slow rN++
                  | Stlth+}
 14991 | Lair:2   | Noticed Sonja
 14991 | Lair:2   | Noticed an eight-headed hydra
 15429 | Lair:2   | Killed a six-headed hydra
 15575 | Lair:2   | Reached **** piety under Hepliaklqana
 15798 | Lair:2   | Noticed a death yak
 16461 | Lair:3   | Reached skill level 5 in Poison Magic
 16461 | Lair:3   | Reached skill level 1 in Invocations
 16461 | Lair:3   | Reached skill level 1 in Evocations
 16986 | Lair:4   | Gained mutation: You can use your snake-like lower body to
                  | constrict enemies. [Naga growth]
 16986 | Lair:4   | Reached XP level 13. HP: 106/108 MP: 17/17
 17858 | Lair:4   | Found a staircase to the Swamp.
 18355 | Lair:5   | HP: 5/108 [black bear (5)]
 18650 | Lair:5   | Noticed Rupert
 18659 | Lair:5   | Killed Rupert
 18669 | Lair:5   | Learned a level 4 spell: Olgreb's Toxic Radiance
 19144 | Lair:6   | Entered Level 6 of the Lair of Beasts
 19228 | Lair:6   | Reached ***** piety under Hepliaklqana
 19335 | Lair:6   | Reached skill level 10 in Fighting
 19724 | Lair:6   | Found a staircase to the Slime Pits.
 20082 | Lair:6   | Reached XP level 14. HP: 74/118 MP: 15/18
 21117 | Lair:6   | Identified the +2 robe "Nogesa" {Regen+}
 21436 | Lair:2   | Reached skill level 15 in Axes
 21436 | Lair:2   | Reached skill level 10 in Poison Magic
 21924 | D:10     | Killed Psyche
 22610 | D:11     | Found a staircase to the Orcish Mines.
 22857 | D:12     | Identified the ring of Cot Vosk {rF- rN+ AC+4 Dex+2 SInv}
 22875 | D:12     | Reached skill level 16 in Axes
 23531 | D:12     | Found Cuqawk's Assorted Antiques.
 23542 | D:12     | Bought a scroll of identify for 50 gold pieces
 24331 | D:13     | Found a white marble altar of Elyvilon.
 24365 | D:13     | Found a gate to the Vaults.
 24378 | D:13     | Reached XP level 15. HP: 115/124 MP: 4/19
 24783 | D:7      | Bought the amulet "Xuzxic" {Reflect rElec rN+++ Will+ Str-5
                  | SH+5} for 901 gold pieces
 25021 | D:14     | Found a gate leading to a gauntlet.
 25088 | Gauntlet | Entered a Gauntlet
 25088 | Gauntlet | Found a transporter.
 25088 | Gauntlet | Found a transporter.
 25088 | Gauntlet | Found a transporter.
 25089 | Gauntlet | Found a transporter.
 25090 | Gauntlet | Found a transporter.
 25093 | Gauntlet | Found a transporter.
 25099 | Gauntlet | Found a transporter.
 25101 | Gauntlet | Found a transporter.
 25102 | Gauntlet | Found a transporter.
 25104 | Gauntlet | Found a transporter.
 25112 | Gauntlet | Found a transporter.
 25113 | Gauntlet | Found a transporter.
 25374 | Gauntlet | Identified the +0 hat of Xonuoq {rElec Dex+7}
 25395 | Gauntlet | Acquired 1078 gold pieces
 25396 | Gauntlet | Acquired a +2 barding of stealth
 25453 | Gauntlet | Got the Catalogue of Sinister Displacement
 25664 | D:14     | Reached skill level 17 in Axes
 25933 | D:15     | Entered Level 15 of the Dungeon
 26162 | D:15     | Found a sparkling altar of Nemelex Xobeh.
 26340 | D:15     | Found a staircase to the Depths.
 26340 | D:15     | Noticed a frost giant
 26344 | D:15     | Killed a frost giant
 26711 | D:15     | Reached skill level 10 in Stealth
 27380 | D:15     | Upgraded the game from 0.27-a0-1557-g57f10a385c to
                  | 0.27-a0-1579-g97d2440184
 27577 | Spider:1 | Entered Level 1 of the Spider Nest
 27717 | Spider:1 | Noticed Azrael
 27814 | Lair:2   | Killed Azrael
 27834 | Spider:1 | Reached XP level 16. HP: 131/131 MP: 20/20
 28069 | Spider:1 | Reached skill level 18 in Axes
 28338 | Spider:1 | Noticed Frances
 28356 | Spider:1 | Killed Frances
 29597 | Spider:2 | Noticed Agnes
 29608 | Spider:2 | Mangled by Agnes

Illustrated notes

Levels and vault maps discovered:
D:1:      heliophobic_arrival_dark_side_of_the_moon, layout_loops_ring,
          shapermc_ecumenical_altar_totnotflames
D:2:      layout_loops_ring
D:3:      layout_loops_ring, mainiacjoe_overflow_paths
D:4:      wad_pebble_path, layout_basic, zin_statuary,
          mainiacjoe_overflow_boulevard, minmay_liquid_box,
          corexii_corridor_pit, lexackson_kobold_supper
D:5:      layout_basic, minmay_temple_entry_waves
D:6:      layout_cave_pools, nicolae_qazlal_eye_of_the_storm, serial_shops,
          nicolae_shop_crystal, nicolae_take_the_stairs
D:7:      layout_loops_ring, chequers_temple_overflow_statue_of_worship,
          enter_bailey_3, serial_shops, shop, nicolae_stop_n_shop_2
D:8:      layout_cave_pools, uniq_maggie, uniq_erica
D:9:      layout_cave_pods, minivault_10
D:10:     layout_roguey [special_room_bee], mainiacjoe_overflow_brackets,
          erik_lair_orcish_takeover, serial_co_window_serial,
          co_window_of_opportunity_a, co_window_paths_a, co_window_paths_b,
          co_window_of_opportunity_a, co_window_paths_a, co_window_broadway_b,
          co_window_2corner, co_window_of_opportunity_b,
          co_window_of_opportunity_c, co_window_paths_c, co_window_broadway_b,
          glass_columns_a, glass_columns_b, glass_columns_a, glass_columns_b,
          uniq_psyche, uniq_gastronok
D:11:     layout_gridville, hiddenorc1_lemuel
D:12:     layout_cross, serial_shops, nicolae_shop_overgrown_old_shop,
          minivault_21
D:13:     layout_small_grid, david_vaults_2, nicolae_elyvilon_peaceful_grove
D:14:     layout_loops_ring, kennysheep_cluttered_room, gauntlet_entry_generic
D:15:     grunt_enter_depths_snipers, layout_loops_corners,
          nemelex_diamond_rough_becter, grunt_decor_one_mirror, wad_dig_loot
Temple:   dshaligram_water_room_temple
Lair:1:   layout_loops_ring, grunt_megastairs_4, lemuel_fruit_tree,
          minmay_lair_oklob_chamber
Lair:2:   layout_cave_pods, spider_nest_entry_webs, lemuel_fruit_fields,
          grunt_megastairs_3, uniq_sonja
Lair:3:   layout_big_grid, serial_bayou_pond_b
Lair:4:   layout_cave_pods, minmay_swamp_entry_worms, grunt_megastairs_1
Lair:5:   layout_roguey, chequers_serial_rivers_small_3, uniq_rupert
Lair:6:   grunt_lair_end_beastmaster, layout_gridlike,
          nicolae_slime_entry_slimehenge, serial_bayou_pond_d,
          lemuel_fruit_fields
Spider:1: layout_spider_delve, uniq_frances, uniq_azrael
Spider:2: layout_spider_delve, nicolae_spider_cling_halls, uniq_agnes

Skill      XL: |  1  2  3  4  5  6  7  8  9 10 11 12 13 14 15 16 |
---------------+-------------------------------------------------+-----
Axes           | 4 6 7 9 11 13 14 16 17 18 | 18.3
Fighting       | 5 7 8 10 | 10.6
Armour         | 2 4 6 7 8 9 |  9.0
Dodging        | 3 5 6 8 9 |  9.8
Stealth        | 6 8 11 13 | 13.6
Poison Magic   | 3 5 7 10 | 10.0
Spellcasting   | 1 3 |  3.0
Shields        | 3 |  3.9
Invocations    | 1 3 |  3.0
Evocations     | 1 3 |  3.0

Action                   |  1- 3 |  4- 6 |  7- 9 | 10-12 | 13-15 | 16-18 || total
-------------------------+-------+-------+-------+-------+-------+-------++-------
Melee: Hand axe          |    93 |    71 |   265 |   500 |   185 |       ||  1114
       Executioner's axe |       |       |       |       |   366 |   121 ||   487
       Constrict         |       |       |       |       |   103 |    26 ||   129
Throw: Boomerang         |       |       |    23 |    37 |    39 |     7 ||   106
       Dart              |       |       |     8 |    37 |    33 |       ||    78
       Throwing net      |       |       |       |       |     1 |       ||     1
 Cast: Olgreb's Toxic Ra |       |       |       |       |    58 |    44 ||   102
Invok: Ancestor Life: He |       |       |     1 |       |       |       ||     1
       Recall Ancestor   |       |       |       |     1 |       |       ||     1
       Idealise          |       |       |       |       |     7 |       ||     7
       Transference      |       |       |       |       |     1 |     1 ||     2
 Abil: Spit Poison       |    25 |    26 |    32 |    19 |    15 |       ||   117
Evoke: Wand              |       |       |     4 |    17 |     9 |       ||    30
       Lightning rod     |       |       |       |     5 |     4 |       ||     9
       Condenser vane    |       |       |       |       |     1 |     1 ||     2
       Box of beasts     |       |       |       |       |     1 |       ||     1
  Use: Scroll            |       |     2 |     6 |    15 |    16 |       ||    39
       Potion            |       |     2 |     5 |     5 |     3 |     9 ||    24
 Stab: Confused          |       |       |     1 |    10 |     4 |     2 ||    17
       Paralysed         |       |       |     3 |     4 |    15 |    10 ||    32
       Distracted        |       |       |     1 |     6 |    12 |     2 ||    21
       Sleeping          |       |       |       |     6 |    17 |     3 ||    26
       Petrified         |       |       |       |       |     3 |       ||     3
       Held in net/web   |       |       |       |       |     2 |       ||     2
Armor: Robe              |     7 |       |     3 |   152 |   234 |   126 ||   522
       Ring mail         |    13 |    25 |    79 |       |       |       ||   117
       Skin              |       |       |     3 |       |       |       ||     3
Dodge: Dodged            |    40 |    41 |    98 |   170 |   301 |   162 ||   812
Block: Buckler           |       |       |       |    49 |    35 |       ||    84
       Other             |       |       |       |       |    50 |    63 ||   113
       Reflection        |       |       |       |       |     3 |       ||     3

Table legend: (Time is in decaauts)
 A = Elapsed time spent in this place.
 B = Non-inter-level travel time spent in this place.
 C = Inter-level travel time spent in this place.
 D = Time resting spent in this place.
 E = Time spent auto-exploring this place.
 F = Levels seen in this place.
 G = Mean time per level.
                   A        B        C        D        E       F      G
               +--------+--------+--------+--------+--------+-----+--------+
         Total |  35908 |  33953 |   1955 |   2643 |  25749 |  25 | 1436.3 |
       Dungeon |  22065 |  20573 |   1492 |   1481 |  16236 |  15 | 1471.0 |
        Temple |    261 |    214 |     47 |      0 |    193 |   1 |  261.0 |
          Lair |  10947 |  10549 |    398 |    918 |   7773 |   6 | 1824.5 |
   Spider Nest |   2134 |   2118 |     16 |    236 |   1354 |   2 | 1067.0 |
      Gauntlet |    499 |    499 |      0 |      8 |    191 |   1 |  499.0 |
               +--------+--------+--------+--------+--------+-----+--------+

Top non-repeatable levels by time:
  Lair:2: 2902 daAuts
    D:10: 2501 daAuts
  Lair:6: 2293 daAuts
     D:1: 2242 daAuts
     D:7: 2185 daAuts
    D:15: 1814 daAuts
     D:6: 1777 daAuts
     D:9: 1626 daAuts
  Lair:4: 1593 daAuts
  Lair:1: 1564 daAuts
     D:4: 1394 daAuts
  Lair:5: 1301 daAuts
  Lair:3: 1291 daAuts
     D:8: 1251 daAuts
Spider:2: 1246 daAuts
